 Dungeon Crawl Stone Soup version 0.20.1-1-g8b1a95d (webtiles) character file.

3 tidbits the Vexing (level 1, 0/15 HPs)
             Began as a Demigod Wanderer on Aug 20, 2017.
             Slain by a bat (1 damage)
             ... on level 1 of the Dungeon.
             The game lasted 00:01:37 (197 turns).

tidbits the Vexing (Demigod Wanderer)                Turns: 197, Time: 00:01:38

Health: 0/15       AC:  5    Str: 15    XL:     1   Next: 33%
Magic:  5/5        EV: 10    Int: 14    God:
Gold:   0          SH:  0    Dex: 17    Spells: 3/3 levels left

rFire    . . .     SeeInvis .   a - +0 dagger
rCold    . . .     Gourm    .   (no shield)
rNeg     . . .     Faith    .   B - +0 ring mail
rPois    .         Spirit   .   (no helmet)
rElec    .         Reflect  .   (no cloak)
rCorr    .         Harm     .   (no gloves)
MR       .....                  (no boots)
Stlth    +.........             (no amulet)
Regen    0.1/turn               (no ring)
MPRegen  0.1/turn               (no ring)

@: no status effects
A: high mp 1
a: no special abilities


You were on level 1 of the Dungeon.
You were not hungry.

You visited 1 branch of the dungeon, and saw 2 of its levels.

Inventory:

Hand Weapons
 a - a +0 dagger (weapon)
Armour
 B - a +0 ring mail (worn)
Scrolls
 b - 2 scrolls of teleportation
 e - a scroll of identify {unknown}
 g - a scroll of recharging {unknown}
Books
 d - a book of Minor Magic

   Spells                             Type                      Level
   a - Magic Dart                     Conjuration                  1
   b - Blink                          Translocation                2
   c - Call Imp                       Summoning                    2
   d - Slow                           Hexes                        2
   e - Conjure Flame                  Conjuration/Fire             3
   f - Mephitic Cloud                 Conjuration/Poison/Air       3
Comestibles
 c - a royal jelly
 f - a bread ration


   Skills:
 + Level 0.8 Fighting
   Level 1.7 Maces & Flails
 - Level 1.0 Throwing
 - Level 1.0 Armour
 - Level 1.7 Spellcasting
   Level 2.6 Hexes
   Level 1.0 Evocations


You had 3 spell levels left.
You didn't know any spells.

Dungeon Overview and Level Annotations

Branches:
Dungeon (2/15)

Annotations:
D:2 Jessica


Innate Abilities, Weirdness & Mutations

You have an increased reservoir of magic. (+10% MP)


Message History

The kobold is severely wounded.
The kobold hits you but does no damage.
You completely miss the kobold.
The kobold is severely wounded.
The kobold hits you.
You hit the kobold.
You kill the kobold!
You see here a kobold corpse.
Found 4 poisoned needles.
There is a stone staircase leading down here.
You climb downwards.
There is a stone staircase leading up here.
Found a stone staircase leading down.
You open the door.
There is an open door here.
Found 10 gold pieces.
A jackal comes into view.
The jackal barks!
Found a pair of gloves.
A jackal comes into view.
The jackal barks!
The jackal moves out of view.
Jessica the Apprentice Sorceress comes into view.
She is wielding an enchanted club.
You aren't carrying any potions.
Unknown command.
Jessica shouts!
Jessica moves out of view.
The jackal barely misses you. The jackal bites you.
There is an open door here.
The jackal bites you but does no damage.
The jackal bites you but does no damage.
The jackal bites you but does no damage.
There is a stone staircase leading up here.
You climb upwards.
There is a stone staircase leading down here.
You hit the jackal but do no damage.
The jackal bites you but does no damage.
You hit the jackal.
The jackal is lightly wounded.
The jackal bites you but does no damage. x2
You hit the jackal but do no damage.
The jackal is lightly wounded.
The jackal barely misses you.
A jackal comes into view.
You hit the jackal.
The jackal is moderately wounded.
The jackal barely misses you. The jackal closely misses you.
You hit the jackal but do no damage.
The jackal is moderately wounded.
The jackal barely misses you.
You completely miss the jackal.
The jackal is moderately wounded.
The jackal bites you but does no damage.
You barely miss the jackal.
The jackal is moderately wounded.
The jackal bites you but does no damage.
You closely miss the jackal.
The jackal is moderately wounded.
The jackal bites you. x2
You hit the jackal.
The jackal is almost dead.
The jackal bites you but does no damage.
The jackal bites you.
* * * LOW HITPOINT WARNING * * *
The jackal bites you but does no damage.
You hit the jackal.
You kill the jackal!
The jackal closely misses you.
You hit the jackal.
The jackal is heavily wounded.
The jackal bites you.
* * * LOW HITPOINT WARNING * * *
The jackal bites you.
* * * LOW HITPOINT WARNING * * *
You hit the jackal.
You kill the jackal!
You see here a jackal corpse.
You see here 4 poisoned needles.
A jackal comes into view.
The jackal barks!
A jackal comes into view.
The jackal barks!
The jackal bites you but does no damage.
The jackal bites you but does no damage.
The jackal bites you.
* * * LOW HITPOINT WARNING * * *
Found an amethyst potion.
The jackal barely misses you. The jackal closely misses you.
A jackal comes into view.
The jackal barks!
A bat comes into view.
The jackal bites you but does no damage.
The bat hits you but does no damage. The bat barely misses you.
Found an escape hatch in the floor.
A rat and a hobgoblin come into view.
The hobgoblin shouts!
The bat hits you.
You die...

#.#.#.# ......
.#.#r #... ...
g>#####.# #
........#####.#
.......@bh....#
######.#.#h##.#
#..###.#
###.#.## ##h##
#######...#
.....!.h..#
#######...#
#..h...###


You could see 2 jackals, a hobgoblin, a bat and a rat.

Vanquished Creatures
  2 jackals (D:1)
  A kobold (D:1)
3 creatures vanquished.

Notes
Turn   | Place    | Note
-------+----------+-------------------------------------------
     0 | D:1      | tidbits the Demigod Wanderer began the quest for the Orb.
     0 | D:1      | tidbits set off with: a book of Minor Magic, a scroll of teleportation, a +0 ring mail, a +0 dagger, a bread ration
     0 | D:1      | Reached XP level 1. HP: 14/14 MP: 5/5
   153 | D:2      | Noticed Jessica
   176 | D:1      | HP: 1/15 [jackal (3)]
   188 | D:1      | HP: 1/15 [jackal (1)]
   197 | D:1      | Slain by a bat

Action                   || total
-------------------------++-------
Melee: Dagger            ||    20
Armor: Ring mail         ||    16
Dodge: Dodged            ||    13

Table legend:
 A = Turns spent in this place as a percentage of turns spent in the entire game.
 B = Non-inter-level travel turns spent in this place as a percentage of non-inter-level travel turns spent in the entire game.
 C = Inter-level travel turns spent in this place as a percentage of turns spent in this place.
 D = Turns resting spent in this place as a percentage of non-inter-level travel turns spent in this place.
 E = Turns spent auto-exploring this place as a percentage of non-inter-level travel turns spent in this place.
 F = Non-inter-level travel turns spent in this place divided by the number of levels of this place that you've seen.
                   A       B       C       D       E      F
               +-------+-------+-------+-------+-------+----------------------
         Total | 100.0 | 100.0 |   0.0 |   0.0 |   0.0 |  94.0
       Dungeon | 100.0 | 100.0 |   0.0 |   0.0 |   0.0 |  94.0
               +-------+-------+-------+-------+-------+----------------------

Table legend:
 A = Kills in this place as a percentage of kills in entire the game.
 B = Kills by you in this place as a percentage of kills by you in the entire game.
 C = Kills by friends in this place as a percentage of kills by friends in the entire game.
 D = Other kills in this place as a percentage of other kills in the entire game.
 E = Experience gained in this place as a percentage of experience gained in the entire game.
 F = Experience gained in this place divided by the number of levels of this place that you have seen.
                   A       B       C       D       E      F
               +-------+-------+-------+-------+-------+----------------------
         Total | 100.0 | 100.0 |  -nan |  -nan | 100.0 |   2.5
       Dungeon | 100.0 | 100.0 |  -nan |  -nan | 100.0 |   2.5
               +-------+-------+-------+-------+-------+----------------------

Vault maps used:
D:1:      lightli_arrival_statue_moat, minmay_misc_feat_encased
D:2:      first_bread, uniq_crazy_yiuf_cottage, uniq_jessica
